 Dungeon Crawl Stone Soup version 0.27.0-1-g7a089689b8 (webtiles) character file.

Game seed: 15642839158707754784

51 Malachi the Skirmisher (level 3, -1/31 HPs)
             Began as a Palentonga Fighter on Aug 13, 2021.
             Was a Follower of Makhleb.
             Slain by a goblin (2 damage)
             ... led by Robin
             ... on level 2 of the Dungeon.
             The game lasted 00:01:56 (2112 turns).

Malachi the Skirmisher (Palentonga Fighter)         Turns: 2112, Time: 00:01:57

Health: -1/31      AC:  6    Str: 18 (20) XL:     3   Next: 57%
Magic:  3/3        EV:  5    Int:  5 (8)  God:    Makhleb [*.....]
Gold:   57         SH:  8    Dex:  7 (9)  Spells: 2/2 levels left

rFire    . . .     SeeInvis +   i - +0 hand axe
rCold    . . .     Faith    .   c - +0 kite shield
rNeg     . . .     Spirit   .   b - +0 scale mail
rPois    .         Reflect  .   (no helmet)
rElec    .         Harm     .   (no cloak)
rCorr    .         Rampage  .   (no gloves)
Will     .....                  (no barding)
Stlth    ..........             (no amulet)
HPRegen  0.10/turn              (no ring)
MPRegen  0.08/turn              (no ring)

@: mighty, attractive
A: large, rugged brown scales 3, see invisible, deformed body, roll 1, armoured
tail
a: Rolling Charge, Renounce Religion


You were on level 2 of the Dungeon.
You worshipped Makhleb.
Makhleb was aware of your devotion.
You visited 1 branch of the dungeon, and saw 2 of its levels.

You collected 57 gold pieces.

Inventory:

Hand Weapons
 a - a +0 flail
 i - a +0 hand axe (weapon)
Armour
 b - a +0 scale mail (worn)
 c - a +0 kite shield (worn)
Magical Staves
 g - a staff of fire
Scrolls
 f - a scroll of immolation {unknown}
 j - a scroll of fear {unknown}
 k - a scroll of enchant armour {unknown}
 l - a scroll of teleportation {unknown}


   Skills:
 + Level 3.2 Fighting
 + Level 0.3(1.4) Axes
 + Level 2.3 Maces & Flails
 + Level 2.9 Armour
 + Level 0.8 Dodging
 + Level 0.1 Stealth
 + Level 2.7 Shields


You had 2 spell levels left.
You didn't know any spells.
Your spell library was empty.

Dungeon Overview and Level Annotations

Branches:
Dungeon (2/15)

Altars:
Makhleb

Annotations:
D:2 Robin


Innate Abilities, Weirdness & Mutations

You are completely covered in rugged brown scales. (AC +3, +7% HP)
You have supernaturally acute eyesight. (SInv)
Armour fits poorly on your strangely shaped body.
You can roll at nearby foes to attack.
You have a long armoured tail.


Message History

You block the goblin's attack.
You hit the goblin.
The goblin is severely wounded.
You hit the goblin.
You kill the goblin!
Makhleb accepts your kill. The goblin barely misses you. x2
You hit the goblin.
You kill the goblin!
Makhleb accepts your kill. Robin throws the goblin at you!
The goblin hits you with a +0 club.
You are too injured to fight recklessly!
You are too injured to fight recklessly!
You are too injured to fight recklessly!
Unknown command.
You feel very mighty all of a sudden. The goblin hits you with a +0 dagger.
* * * LOW HITPOINT WARNING * * *
The goblin hits you but does no damage.
Unknown command.
It was a potion of attraction.
You feel attractive to monsters. The goblin hits you but does no damage.
Robin roars a battlecry!
The goblins go into a battle-frenzy!
The goblin hits you with a +0 club.
* * * LOW HITPOINT WARNING * * *
It was a potion of degeneration.
There was something very wrong with that liquid.
You feel weakened.
You feel dopey.
You feel clumsy. You block the goblin's attack.
Robin says, "My goblins will feast on your bones."
The goblin hits you with a +0 club.
* * * LOW HITPOINT WARNING * * *
You closely miss the goblin.
Your tail-slap misses the goblin.
You barely miss the goblin. The goblin hits you with a +0 dagger.
* * * LOW HITPOINT WARNING * * *
The goblin barely misses you. You block the goblin's attack.
You barely miss the goblin. x2; The goblin hits you with a +0 club.
You die...

#...........# #...........#
#...........#
###...........###
......†.†........
....####†.....#
..............# #.
..............#########.#
.............ggg@g.......
#.......#....gK#########.#
#<......#......# #######.##
#.......#......# #.....(..#
.......#.....g###......#.##
##### #.....g.........#.)#
#...).g.gg......##.#
#######g.g......##.#
#.........##.##


You could see Robin, a hobgoblin (strong), 3 goblins and a kobold.

Vanquished Creatures
  A dart slug (D:1)
  An endoplasm (D:2)
  3 giant cockroaches
  6 goblins
  7 hobgoblins
  6 jackals
  2 kobolds (D:1)
  3 quokkas
  5 ball pythons
  3 bats
  3 frilled lizards
  2 rats
42 creatures vanquished.

Notes
Turn   | Place    | Note
-------+----------+-------------------------------------------
     0 | D:1      | Malachi the Palentonga Fighter began the quest for the Orb.
     0 | D:1      | Reached XP level 1. HP: 19/19 MP: 1/1
    35 | D:1      | Found a faded altar of an unknown god.
   434 | D:1      | Reached XP level 2. HP: 16/25 MP: 2/2
  1497 | D:2      | Reached XP level 3. HP: 28/31 MP: 3/3
  1547 | D:1      | Became a worshipper of Makhleb the Destroyer
  1547 | D:1      | Reached * piety under Makhleb
  2079 | D:2      | Noticed Robin
  2111 | D:2      | HP: 1/31 [goblin[Robin] (3)]
  2112 | D:2      | Slain by a goblin

Illustrated notes

Levels and vault maps discovered:
D:1:      giann_wishing_wells, layout_basic, shapermc_ecumenical_altar_venn
D:2:      layout_basic, uniq_robin

Action                   || total
-------------------------++-------
Melee: Flail             ||    82
       Tailslap          ||    10
       Hand axe          ||    51
  Use: Scroll            ||     1
       Potion            ||     3
Armor: Scale mail        ||    86
Dodge: Dodged            ||    43
Block: Kite shield       ||    78
